 Dungeon Crawl Stone Soup version 0.22-a0-278-g8f80174 (webtiles) character file.

633063 4thArraOfDagon the Executioner (level 27, -6/305 HPs)
             Began as a Formicid Warper on Mar 15, 2018.
             Was the Champion of Cheibriados.
             Killed by divine providence
             ... invoked by a greater mummy
              (12 damage)
             ... on level 3 of the Tomb of the Ancients.
             The game lasted 02:35:47 (25430 turns).

4thArraOfDagon the Executioner (Formicid Warper)   Turns: 25430, Time: 02:35:48

Health: -6/305     AC: 31    Str: 36    XL:     27
Magic:  39/39      EV: 40    Int: 50    God:    Cheibriados [******]
Gold:   3008       SH: 38    Dex: 34    Spells: 17/50 levels left

rFire    + + .     SeeInvis +   K - +11 battleaxe of the Bear {freeze, Int+4}
rCold    + . .     Gourm    .   k - +5 large shield "Arocab" {rPois rCorr}
rNeg     + + +     Faith    .   (armour currently unavailable)
rPois    ∞         Spirit   .   (helmet unavailable)
rElec    +         Reflect  +   I - scarf {rC+ rF+}
rCorr    +         Harm     .   (gloves currently unavailable)
MR       ++...     Clarity  +   (boots currently unavailable)
Stlth    ++++......             g - brooch of Shielding {Reflect SH+8}
HPRegen  1.60/turn              E - ring of the Thoughtful Suns {rN+ Int+7 Dex+2}
MPRegen  0.26/turn              N - ring "Hurimoej" {-Tele rF+ rN+ Str-2 Dex+2 Slay+6}

@: mighty, agile, statue-form, regenerating, very slow
A: permanent stasis, dig shafts and tunnels, four strong arms, antennae 3,
blurry vision 1, clarity
}: 5/15 runes: serpentine, barnacled, slimy, silver, abyssal
a: Dig, Shaft Self, End Transformation, Bend Time, Temporal Distortion, Slouch,
Step From Time, Renounce Religion


You were on level 3 of the Tomb of the Ancients.
You worshipped Cheibriados.
Cheibriados was exalted by your worship.
You were full.
You were a stone statue.
You visited 11 branches of the dungeon, and saw 51 of its levels.
You visited the Abyss 1 time.
You also visited: Labyrinth and Ice Cave.

You collected 4671 gold pieces.
You spent 1663 gold pieces at shops.

Inventory:

Hand Weapons
 x - a +0 executioner's axe of chopping
 K - the +11 battleaxe of the Bear (weapon) {freeze, Int+4}
   (You acquired it on level 4 of the Lair of Beasts)

   It has been specially enchanted to freeze those struck by it, causing extra
   injury to most foes and up to half again as much damage against particularly
   susceptible opponents.
   It can also slow down cold-blooded creatures.
   It affects your intelligence (+4).
Missiles
 e - 5 tomahawks of dispersal (quivered)
 G - 14 throwing nets
Armour
 k - the +5 large shield "Arocab" (worn) {rPois rCorr}
   (You found it on level 5 of the Pits of Slime)

   It protects you from poison.
   It protects you from acid and corrosion.
 n - a +0 troll leather armour (melded)
 I - a scarf of resistance (worn)
 J - a +2 pair of boots (melded)
 O - a +2 pair of gloves (melded)
Magical Staves
 X - an uncursed staff of earth
Jewellery
 g - the brooch of Shielding (around neck) {Reflect SH+8}
   (You found it on level 5 of the Vaults)

   [amulet of reflection]

   It shields you and reflects attacks.
   It affects your SH (+8).
 m - the ring of Vyutun {+Inv rElec rPois rN+ Dex+4}
   (You took it off a deep elf annihilator on level 3 of the Elven Halls)

   [ring of positive energy]

   It affects your dexterity (+4).
   It insulates you from electricity.
   It protects you from poison.
   It protects you from negative energy.
   It lets you turn invisible.
 s - the ring of Oduor {rC+ Int+6 Stlth+}
   (You found it on level 5 of the Vaults)

   [ring of protection from cold]

   It affects your intelligence (+6).
   It protects you from cold.
   It makes you more stealthy.
 C - the ring of Bodily Harmony {+Fly rElec Dex+6 Slay+3}
   (You took it off a minotaur in a labyrinth)

   [ring of flight]

   It affects your dexterity (+6).
   It affects your accuracy and damage with ranged weapons and melee attacks
   (+3).
   It insulates you from electricity.
   It lets you fly.
 E - the ring of the Thoughtful Suns (left hand) {rN+ Int+7 Dex+2}
   (You found it on level 5 of the Vaults)

   [ring of dexterity]

   It affects your intelligence (+7).
   It affects your dexterity (+2).
   It protects you from negative energy.
 N - the ring "Hurimoej" (right hand) {-Tele rF+ rN+ Str-2 Dex+2 Slay+6}
   (You bought it in a shop on level 2 of the Orcish Mines)

   [ring of strength]

   It affects your strength (-2).
   It affects your dexterity (+2).
   It affects your accuracy and damage with ranged weapons and melee attacks
   (+6).
   It protects you from fire.
   It protects you from negative energy.
   It prevents most forms of teleportation.
Wands
 b - a wand of clouds (15)
 j - a wand of scattershot (12)
 T - a wand of digging (36)
 W - a wand of iceblast (19)
 Z - a wand of acid (54)
Scrolls
 a - 6 scrolls of immolation
 d - 2 scrolls of summoning
 i - 6 scrolls of fear
 l - 13 scrolls of remove curse
 o - 5 scrolls of fog
 q - 5 scrolls of amnesia
 u - 6 scrolls of enchant armour
 w - a scroll of identify
 F - 3 scrolls of magic mapping
 L - 3 scrolls of enchant weapon
Potions
 c - 2 potions of agility
 h - 3 potions of might
 r - 5 potions of brilliance
 t - a potion of magic
 v - 6 potions of mutation
 z - 7 potions of curing
 B - 4 potions of cancellation
 D - 5 potions of heal wounds
 H - 3 potions of resistance
 P - a potion of invisibility
 S - a potion of ambrosia
 U - 3 potions of flight
Miscellaneous
 p - a lightning rod (4/4)
 y - 6 sacks of spiders
 A - a lamp of fire
 M - 2 phantom mirrors
 Q - 3 boxes of beasts
Comestibles
 f - 60 rations


   Skills:
 - Level 23.0 Fighting
 - Level 26.0 Axes
 - Level 1.0 Throwing
 - Level 1.1 Armour
 + Level 19.2 Dodging
 - Level 15.0 Shields
 - Level 12.1 Spellcasting
 - Level 4.0 Charms
 - Level 4.1 Necromancy
 - Level 2.6 Translocations
 - Level 8.9 Transmutations
 - Level 12.0 Earth Magic
 - Level 13.0 Invocations


You had 17 spell levels left.
You knew the following spells:

 Your Spells              Type           Power        Failure   Level  Hunger
a - Passage of Golubria   Tloc           N/A          2%          4    None
b - Lesser Beckoning      Tloc           ######....   1%          3    None
c - Sublimation of Blood  Necr           ######....   1%          2    None
d - Statue Form           Tmut/Erth      #######..    1%          6    None
e - Lee's Rapid Deconstr  Erth           ########..   1%          5    None
f - Apportation           Tloc           ######       1%          1    None
g - Regeneration          Chrm/Necr      ######....   1%          3    None
h - Summon Lightning Spi  Summ/Air       ####....     7%          4    None
i - Borgnjor's Vile Clut  Necr/Erth      #######...   1%          5    None


Dungeon Overview and Level Annotations

Branches:
Dungeon (15/15)            Temple (1/1) D:5            Lair (6/6) D:8
 Shoals (4/4) Lair:4        Snake (4/4) Lair:3        Slime (5/5) Lair:6
    Orc (2/2) D:12            Elf (3/3) Orc:2        Vaults (5/5) D:13
  Crypt (3/3) Vaults:2       Tomb (3/3) Crypt:3
 Depths: D:15

Altars:
Ashenzari
Cheibriados
Elyvilon
Fedhas
Hepliaklqana
Kikubaaqudgha
Nemelex Xobeh
Qazlal
Ru
Vehumet
Xom
Yredelemnul
The Shining One
Beogh
Jiyva

Shops:
D:10 *   Orc:1 :   Orc:2 =([**!}(*   Elf:1 :   Elf:2 :   Elf:3 (   Vaults:3 :
Vaults:5 (

Annotations:
D:11 2 runed doors, Nergalle
D:14 Kirke


Innate Abilities, Weirdness & Mutations

You cannot be hasted, slowed, berserked, paralysed or teleported.
You can dig through walls and to a lower floor.
Your four strong arms can wield two-handed weapons with a shield.
You have a pair of large antennae on your head. (SInv)
Scrolls take you a little longer to read.
You possess an exceptional clarity of mind.


Message History

The guardian mummy completely misses you.
The greater mummy casts a spell.
Unknown command.
Unknown command.
You chop the greater mummy into pieces!!!
You freeze the greater mummy.
The greater mummy is severely damaged.
You slice the guardian mummy like a ripe choko!!!!
You freeze the guardian mummy.
You destroy the guardian mummy!
Cheibriados appreciates the change of pace.
You feel extremely nervous for a moment...
You convulse helplessly as pain tears through your body!
* * * LOW HITPOINT WARNING * * *
You slice the guardian mummy!! You freeze the guardian mummy.
You block the guardian mummy's attack.
You block the skeletal warrior's attack.
The greater mummy gestures at you while chanting.
Something smites you!
You die...

$......n.z#......#......$)$$$
$$$...Z.^.#.....M#......$$§$$
)=....{...'.....M'....$$$$:$}
}$$=......#....4M#....$$[$$$$
))$$....{.#..WWM3#....$|$$$$
)$$...^.##..ZVMM##...$$$)$
[:$$$...##.MM8zs##..$$$$$}
=$....# #...M?M# #.$$$}$
:$...# #..MMM8# #$$$$# ####
######## ####


You could see a greater mummy, an emperor scorpion, 2 mummy priests, a skeletal
warrior, a flayed ghost, a sun demon, a shadow wraith (invisible), an orange
demon, 5 guardian mummies, an ushabti, a vampire (invisible), 5 mummies and a
fire dragon zombie.

Vanquished Creatures
  the Royal Jelly (Slime:5)
  Khufu (Tomb:1)
  Mennas (Vaults:4)
  Mara (Vaults:5)
  An ancient lich (Tomb:2)
  35 greater mummies
  Boris (Crypt:3)
  Sojobo (Crypt:3)
  Vashnia (Snake:2)
  2 golden dragons (Vaults:4)
  Nikola (Snake:2)
  A profane servitor (Crypt:3)
  Rupert (Lair:6)
  4 liches
  Jorgrun (Vaults:2)
  2 titans
  2 quicksilver dragons (Vaults:4)
  26 acid blobs
  4 deep elf blademasters (Elf:3)
  The ghost of RoseArtemis the Warrior, an adept MiFi of Okawaru (Snake:3)
  3 deep elf master archers (Elf:3)
  13 sphinxes
  7 ancient champions
  2 shadow dragons
  4 tengu reavers
  10 nagarajas
  Ilsuiw (Shoals:4)
  11 azure jellies
  3 storm dragons
  A fire giant (Vaults:4)
  10 deep elf sorcerers
  3 frost giants
  2 iron dragons (Vaults:4)
  18 vault wardens
  An orc warlord (Orc:2)
  A curse skull (Crypt:3)
  4 ghouls
  11 deep elf elementalists
  4 very ugly things
  A war gargoyle (Vaults:4)
  2 entropy weavers (Vaults:4)
  11 ironheart preservers
  10 deep elf demonologists
  15 vampire knights
  7 stone giants
  14 bennus
  18 deep elf annihilators
  A minotaur (Lab)
  An eidolon (Crypt:2)
  15 deep elf death magi
  6 death oozes (Slime:5)
  20 mummy priests
  2 ettins
  3 merfolk javelineers (Shoals:4)
  6 ogre magi
  12 jiangshi
  A fire dragon (Vaults:4)
  10 yaktaur captains
  9 deep elf high priests
  5 great orbs of eyes
  Josephine (Lair:6)
  Erolcha (D:10)
  5 merfolk impalers (Shoals:4)
  A hydra (shapeshifter) (Vaults:5)
  2 catoblepae
  Harold (D:12)
  A hydra (Lair:3)
  14 naga warriors
  2 rakshasas
  33 vault guards
  4 death knights
  An ice dragon (Vaults:2)
  6 centaur warriors
  7 anacondas
  30 two-headed ogres
  2 satyrs
  An alligator snapping turtle (Shoals:2)
  8 merfolk aquamancers
  5 merfolk avatars
  34 dancing weapons
  22 death scarabs
  A two-headed ogre (shapeshifter) (Vaults:5)
  3 death yaks (D:8)
  An orc high priest (Orc:2)
  2 tengu warriors (D:13)
  2 thrashing horrors (Abyss:3)
  12 vampire magi
  8 shock serpents
  2 soul eaters
  15 naga sharpshooters
  4 storm dragon zombies
  21 deep elf knights
  4 wretched stars (Abyss:3)
  4 shadow wraiths
  A salamander mystic (Snake:4)
  38 skeletal warriors
  3 deep trolls
  A titan skeleton (Tomb:1)
  A large abomination (Abyss:3)
  3 naga ritualists
  3 golden dragon zombies
  A spriggan druid (Elf:2)
  15 sea snakes
  2 ghost moth zombies
  3 wizards
  14 ironbrand convokers
  2 unseen horrors (D:12)
  26 harpies
  20 phantasmal warriors
  14 deep elf archers
  8 necromancers
  2 sphinx zombies
  A shadow dragon zombie (Crypt:2)
  3 frost giant zombies
  5 wolf spiders
  6 mana vipers
  4 orc knights
  66 deep elf magi
  2 wolf spider zombies
  An oklob plant (Lair:6)
  8 ugly things
  2 shining eyes
  A salamander (shapeshifter) (Vaults:4)
  10 fauns
  A tengu skeleton (Vaults:5)
  2 orc sorcerers (Orc:2)
  A fire giant zombie (Crypt:3)
  6 salamanders
  7 manticores
  2 elf zombies
  11 merfolk sirens
  5 cyclopes
  6 elephants
  An iron dragon skeleton (Crypt:2)
  Maurice (D:12)
  2 fire giant skeletons
  3 stone giant skeletons
  4 frost giant skeletons
  5 water nymphs
  A torpor snail (Lair:3)
  3 eyes of devastation
  2 centaur zombies
  A guardian serpent (shapeshifter) (D:15)
  2 guardian serpents
  23 black mambas
  A gargoyle (D:12)
  A spiny frog (shapeshifter) (Vaults:4)
  14 naga magi
  8 rime drakes
  15 vault sentinels
  7 spiny frogs
  An emperor scorpion zombie (Crypt:3)
  A smoke demon (Abyss:3)
  7 freezing wraiths
  8 komodo dragons
  An anaconda simulacrum (IceCv)
  2 minotaur zombies (Crypt:3)
  A hellion (Abyss:3)
  16 yaktaurs
  A catoblepas zombie (Crypt:3)
  40 guardian mummies
  A yellow draconian zombie (Crypt:2)
  2 human skeletons (Vaults:3)
  A red draconian skeleton (Crypt:3)
  4 meliai (Abyss:3)
  A golden dragon simulacrum (IceCv)
  12 trolls
  A queen bee (shapeshifter) (Vaults:4)
  2 queen bees
  4 hydra zombies
  A wind drake (shapeshifter) (Vaults:4)
  2 polar bears
  7 hornets
  36 merfolk
  10 wind drakes
  A hornet (shapeshifter) (D:12)
  A hydra skeleton (Crypt:2)
  7 snapping turtles
  A harpy skeleton (Crypt:2)
  10 blink frogs (Lair:6)
  2 bog bodies (Crypt:3)
  A fire dragon zombie (Crypt:3)
  A raiju (shapeshifter) (Elf:1)
  2 ettin zombies
  2 ice dragon zombies
  77 slime creatures
  9 hippogriffs
  3 flying skulls (Tomb:1)
  3 redbacks (shapeshifter)
  A fire giant simulacrum (Vaults:3)
  A vampire (D:13)
  2 ice dragon skeletons
  9 water elementals
  2 spriggans (Lair:2)
  An alligator skeleton (Crypt:2)
  A centaur simulacrum (D:13)
  12 redbacks
  A dire elephant simulacrum (Crypt:3)
  32 yaks
  4 hogs (D:14)
  5 fire elementals
  4 basilisks
  2 ettin skeletons
  An air elemental (Elf:1)
  15 wraiths
  A human (shapeshifter) (Elf:1)
  4 wyverns
  A golden eye (shapeshifter) (Vaults:4)
  21 ushabtiu
  A black mamba skeleton (Crypt:2)
  7 wargs
  51 nagas
  A swamp worm (shapeshifter) (Vaults:5)
  An acid dragon (D:14)
  10 water moccasins
  A soldier ant (shapeshifter) (Vaults:4)
  A spiny frog zombie (Crypt:1)
  A gelid demonspawn skeleton (Crypt:2)
  5 porcupines
  A deep troll skeleton (Crypt:2)
  A sky beast (D:6)
  A manticore zombie (Crypt:2)
  A black bear (Elf:2)
  A swamp dragon zombie (Crypt:3)
  41 orc warriors
  8 ice beasts
  2 phantoms
  7 eyes of draining
  A blink frog zombie (Crypt:1)
  18 ogres
  12 boggarts
  2 orc skeletons
  A manticore skeleton (Crypt:1)
  6 necrophages (Lair:3)
  A swamp dragon skeleton (Crypt:3)
  3 centaurs
  4 wolves
  8 crocodiles
  2 big kobolds
  5 small abominations
  12 bullfrogs
  A draconian zombie (Crypt:3)
  A salamander zombie (Crypt:1)
  A yaktaur skeleton (Crypt:3)
  2 earth elementals
  2 wyvern zombies
  A warg zombie (Crypt:1)
  A queen bee zombie (Crypt:2)
  2 scorpions
  27 killer bees
  3 wights (D:15)
  A yak skeleton (Crypt:2)
  4 howler monkeys
  An electric eel (Elf:3)
  A bullfrog zombie (D:5)
  2 crimson imps (D:13)
  A jelly (D:13)
  2 quasits (D:11)
  23 orc wizards
  2 bullfrog skeletons
  27 orc priests
  9 hounds
  5 centaur skeletons
  Crazy Yiuf (D:2)
  Ijyb (D:5)
  2 iguanas
  Natasha (thrice) (D:2)
  Terence (D:2)
  6 worker ants
  A hound skeleton (D:10)
  35 mummies
  Robin (D:3)
  4 gnolls (D:7)
  10 adders
  6 shadow imps
  2 oozes
  A lava snake zombie (Crypt:1)
  2 adder skeletons
  3 adder zombies
  4 worms
  A leopard gecko (D:4)
  107 orcs
  3 giant cockroaches
  20 goblins
  15 hobgoblins
  13 jackals
  5 quokkas
  A ball python (D:2)
  9 bats
  A dart slug zombie (Crypt:3)
  5 frilled lizards
  A frilled lizard skeleton (Crypt:3)
  A jackal skeleton (D:7)
  20 kobolds
  2 leopard gecko skeletons
  A quokka zombie (D:6)
  8 rats
  A bush (Lair:6)
  A butterfly (Lair:3)
  4 crawling corpses
  19 plants
2086 creatures vanquished.

Vanquished Creatures (collateral kills)
  A centaur warrior (D:12)
  A shining eye (Slime:3)
  3 oklob plants (Lair:6)
  A black mamba (Snake:3)
  A crimson imp (D:10)
7 creatures vanquished.

Vanquished Creatures (others)
  A deep elf master archer (Elf:3)
  A shadow dragon (Vaults:5)
  A deep elf annihilator (Elf:3)
  A merfolk javelineer (Shoals:4)
  A satyr (Shoals:2)
  A death scarab (Tomb:3)
  A naga sharpshooter (Snake:2)
  A skeletal warrior (Tomb:3)
  A deep elf archer (Vaults:4)
  An anaconda zombie (Tomb:2)
  A phantasmal warrior (Crypt:3)
  A cyclops (D:11)
  A black mamba (Snake:2)
  2 yaktaurs (Vaults:2)
  A stone giant simulacrum (Tomb:2)
  A naga (Snake:4)
  2 boggarts (Vaults:3)
  A snapping turtle simulacrum (Tomb:3)
  2 mummies (Tomb:2)
  2 orcs
  A fungus (Lair:3)
  22 plants
47 creatures vanquished.

Grand Total: 2140 creatures vanquished

Notes
Turn   | Place    | Note
-------+----------+-------------------------------------------
     0 | D:1      | 4thArraOfDagon the Formicid Warper began the quest for the Orb.
     0 | D:1      | Reached XP level 1. HP: 16/16 MP: 3/3
    88 | D:2      | Noticed Terence
   143 | D:1      | You fall through a shaft!
   165 | D:2      | Found a faded altar of an unknown god.
   173 | D:2      | Noticed a phantom
   196 | D:2      | You fall through a shaft!
   201 | D:3      | Reached XP level 2. HP: 8/22 MP: 5/5
   297 | D:3      | You fall through a shaft for 2 floors!
   297 | D:5      | Entered Level 5 of the Dungeon
   297 | D:5      | Found a staircase to the Ecumenical Temple.
   311 | Temple   | Entered the Ecumenical Temple
   365 | Temple   | Became a worshipper of Cheibriados the Contemplative
   450 | D:5      | Reached skill level 3 in Axes
   544 | D:4      | Reached XP level 3. HP: 21/27 MP: 6/6
   574 | D:3      | Noticed Robin
   591 | D:3      | Killed Robin
   591 | D:3      | Reached skill level 4 in Axes
   591 | D:3      | Reached XP level 4. HP: 29/33 MP: 7/7
   727 | D:2      | Reached * piety under Cheibriados
   729 | D:2      | Noticed Natasha
   734 | D:2      | Killed Natasha
   734 | D:2      | Reached XP level 5. HP: 39/39 MP: 8/8
   775 | D:2      | Reached skill level 1 in Invocations
  1145 | D:1      | Reached ** piety under Cheibriados
  1293 | D:1      | Gained mutation: Your spells are a little harder to cast, but a little more powerful. [potion of mutation]
  1293 | D:1      | Gained mutation: You possess an exceptional clarity of mind. [potion of mutation]
  1293 | D:1      | Gained mutation: Your mind is acute. (Int +2) [potion of mutation]
  1362 | D:1      | Killed a phantom
  1362 | D:1      | Reached skill level 1 in Shields
  1362 | D:1      | Reached XP level 6. HP: 27/46 MP: 9/9
  1419 | D:2      | Found a sacrificial altar of Ru.
  1472 | D:2      | Found a runed door.
  1476 | D:2      | Noticed Crazy Yiuf
  1479 | D:2      | Killed Crazy Yiuf
  1479 | D:2      | Reached skill level 5 in Axes
  1585 | D:2      | Noticed Natasha
  1596 | D:2      | Killed Natasha
  1599 | D:2      | Noticed Natasha
  1610 | D:2      | Killed Natasha
  1622 | D:2      | Killed Terence
  1709 | D:3      | Reached XP level 7. HP: 52/52 MP: 10/10
  1727 | D:3      | Reached *** piety under Cheibriados
  1988 | D:3      | Found a stormy altar of Qazlal.
  2166 | D:4      | Reached **** piety under Cheibriados
  2424 | D:4      | Reached skill level 6 in Axes
  2424 | D:4      | Reached XP level 8. HP: 56/60 MP: 11/11
  2438 | D:4      | Reached ***** piety under Cheibriados
  2475 | D:4      | Identified the +1 leather armour of Lies {rF- rCorr Str+3} (You found it on level 4 of the Dungeon)
  2854 | D:5      | Noticed Ijyb
  2866 | D:5      | Killed Ijyb
  2871 | D:5      | Reached skill level 7 in Axes
  3026 | D:6      | Reached skill level 5 in Fighting
  3026 | D:6      | Reached XP level 9. HP: 67/68 MP: 12/12
  3156 | D:6      | Learned a level 4 spell: Passage of Golubria
  3160 | D:6      | Learned a level 3 spell: Lesser Beckoning
  3309 | D:6      | Learned a level 5 spell: Blade Hands
  3428 | D:7      | Reached skill level 1 in Transmutations
  3428 | D:7      | Reached skill level 5 in Invocations
  3799 | D:8      | Reached skill level 8 in Axes
  3821 | D:8      | Noticed a death yak
  3824 | D:8      | Noticed a death yak
  3824 | D:8      | Noticed a death yak
  3824 | D:8      | Noticed a troll
  3830 | D:8      | Killed a death yak
  3830 | D:8      | Reached skill level 9 in Axes
  3830 | D:8      | Reached skill level 5 in Dodging
  3830 | D:8      | Reached XP level 10. HP: 45/74 MP: 3/14
  3840 | D:8      | Killed a death yak
  3840 | D:8      | Reached skill level 10 in Axes
  3843 | D:8      | Killed a death yak
  3873 | D:8      | Found a staircase to the Lair.
  4061 | D:9      | Reached XP level 11. HP: 78/80 MP: 17/17
  4130 | D:9      | Reached skill level 11 in Axes
  4439 | D:10     | Entered Level 10 of the Dungeon
  4439 | D:10     | Noticed Erolcha
  4444 | D:10     | Killed Erolcha
  4480 | D:10     | Noticed a two-headed ogre
  4485 | D:10     | Killed a two-headed ogre
  4593 | D:10     | Found Fiydaddy's Demolitions Depot.
  4611 | D:10     | Reached ****** piety under Cheibriados
  4668 | D:10     | Reached skill level 12 in Axes
  4700 | D:10     | Noticed a two-headed ogre
  4712 | D:10     | Killed a two-headed ogre
  4780 | D:11     | Noticed a cyclops
  4782 | D:11     | Noticed Nergalle
  4785 | D:11     | Killed a cyclops
  4809 | D:10     | Learned a level 6 spell: Statue Form
  4841 | D:11     | Noticed a seven-headed hydra
  4853 | D:10     | Sergey: hello
  4924 | D:11     | 4thArraOfDagon: hi
  4976 | D:12     | Reached XP level 12. HP: 85/86 MP: 19/19
  5008 | D:12     | Reached skill level 1 in Earth Magic
  5101 | D:11     | Found a large runed door.
  5101 | D:11     | Found a large runed door.
  5158 | D:11     | Reached skill level 5 in Spellcasting
  5210 | D:12     | Noticed an unseen horror
  5220 | D:12     | Killed an unseen horror
  5262 | D:12     | Noticed a two-headed ogre
  5272 | D:12     | Killed a two-headed ogre
  5312 | D:12     | Found a staircase to the Orcish Mines.
  5488 | D:12     | Noticed Harold
  5489 | D:12     | Noticed Maurice
  5501 | D:12     | Killed Harold
  5505 | D:12     | Killed Maurice
  5505 | D:12     | Reached skill level 5 in Transmutations
  5539 | D:12     | Noticed a two-headed ogre
  5546 | D:12     | Killed a two-headed ogre
  5546 | D:12     | Reached skill level 5 in Earth Magic
  5547 | D:12     | Noticed an unseen horror
  5560 | D:12     | Killed an unseen horror
  5663 | D:12     | Learned a level 5 spell: Lee's Rapid Deconstruction
  5709 | D:12     | Reached skill level 13 in Axes
  5749 | D:12     | Noticed a centaur warrior
  5766 | D:12     | Reached XP level 13. HP: 90/92 MP: 22/22
  5779 | D:12     | Killed a centaur warrior
  5788 | D:12     | Noticed a rakshasa
  5798 | D:12     | Killed a rakshasa
  5970 | D:12     | Noticed a centaur warrior
  5979 | D:12     | Killed a centaur warrior
  6014 | D:12     | Noticed a centaur warrior
  6017 | D:12     | Killed a centaur warrior
  6361 | D:13     | Found a gate to the Vaults.
  6424 | D:13     | Identified the cursed +0 longbow "Doyqeth" {freeze, +Fly rPois Dex+4} (You found it on level 13 of the Dungeon)
  6473 | D:13     | Noticed a centaur warrior
  6507 | D:13     | Killed a centaur warrior
  6674 | D:15     | Entered Level 15 of the Dungeon
  6777 | D:15     | Noticed a centaur warrior
  6787 | D:15     | Killed a centaur warrior
  6821 | D:15     | Noticed a six-headed hydra
  6909 | D:14     | Reached XP level 14. HP: 98/98 MP: 26/26
  6940 | D:14     | Noticed Kirke
  7102 | Orc:1    | Entered Level 1 of the Orcish Mines
  7103 | Orc:1    | Found Oxan's Book Boutique.
  7126 | Orc:1    | Noticed a stone giant
  7139 | Orc:1    | Killed a stone giant
  7139 | Orc:1    | Reached skill level 14 in Axes
  7256 | Orc:1    | Found a roughly hewn altar of Beogh.
  7382 | Orc:2    | Entered Level 2 of the Orcish Mines
  7397 | Orc:2    | Found Qij Xuas's General Store.
  7420 | Orc:2    | Bought a potion of degeneration for 15 gold pieces
  7420 | Orc:2    | Bought a potion of heal wounds for 75 gold pieces
  7420 | Orc:2    | Bought a scroll of fog for 30 gold pieces
  7441 | Orc:2    | Found Unuestri's Gadget Shop.
  7481 | Orc:2    | Found Denkut's Antique Weapon Shoppe.
  7502 | Orc:2    | Found a roughly hewn altar of Beogh.
  7544 | Orc:2    | Found a roughly hewn altar of Beogh.
  7550 | Orc:2    | Found Nar Rish's Distillery.
  7609 | Orc:2    | Found a staircase to the Elven Halls.
  7761 | Orc:2    | Found Nyimofam's General Store.
  7794 | Orc:2    | Found a roughly hewn altar of Beogh.
  7818 | Orc:2    | Found Vonimp's General Store.
  7858 | Orc:2    | Found Iffysopo's Jewellery Emporium.
  7912 | Orc:2    | Bought the cursed ring "Hurimoej" {-Tele rF+ rN+ Str-2 Dex+2 Slay+6} for 423 gold pieces
  7928 | Orc:2    | Reached skill level 10 in Earth Magic
  8037 | Orc:2    | Found a roughly hewn altar of Beogh.
  8179 | Orc:2    | Reached skill level 10 in Spellcasting
  8227 | Orc:2    | Noticed an orc warlord
  8239 | Orc:2    | Killed an orc warlord
  8249 | Orc:2    | Found Guwnetei's Antique Armour Emporium.
  8250 | Orc:2    | Found a roughly hewn altar of Beogh.
  8253 | Orc:2    | Found Leps's Antique Weapon Shoppe.
  8317 | Orc:2    | Bought a potion of curing for 54 gold pieces
  8317 | Orc:2    | Bought a potion of resistance for 180 gold pieces
  8317 | Orc:2    | Bought a potion of curing for 54 gold pieces
  8363 | Elf:1    | Entered Level 1 of the Elven Halls
  8519 | Elf:1    | Found a frozen archway.
  8529 | IceCv    | Entered an ice cave
  8609 | IceCv    | Noticed a white very ugly thing
  8692 | Elf:1    | Found Ytwaofel's Book Shop.
  8729 | Elf:2    | Reached XP level 15. HP: 106/106 MP: 22/29
  8838 | Elf:2    | Reached skill level 15 in Axes
  8849 | Elf:2    | Noticed a deep elf elementalist
  8871 | Elf:2    | Killed a deep elf elementalist
  8921 | Elf:2    | Found Gemiysha's Book Boutique.
  9143 | Elf:3    | Entered Level 3 of the Elven Halls
  9443 | Elf:1    | Reached skill level 16 in Axes
  9778 | Elf:3    | Found Jaifoleamm's Weapon Shoppe.
  9817 | Elf:3    | Reached XP level 16. HP: 119/119 MP: 19/30
 10066 | Elf:3    | Reached skill level 10 in Dodging
 10136 | Elf:3    | Noticed a deep elf sorcerer
 10139 | Elf:3    | Killed a deep elf sorcerer
 10255 | Elf:3    | Noticed a deep elf blademaster
 10263 | Elf:3    | Killed a deep elf blademaster
 10286 | Elf:3    | Reached skill level 17 in Axes
 10301 | Elf:3    | Reached skill level 10 in Fighting
 10323 | Elf:3    | Got a thick robe
 10345 | Elf:3    | Identified the +2 robe of Kumeqo {+Fly Int+3 SInv} (You took it off a deep elf mage on level 3 of the Elven Halls)
 10434 | Elf:3    | Noticed an Ice Fiend
 10473 | Elf:3    | Noticed a deep elf blademaster
 10490 | Elf:3    | Killed a deep elf blademaster
 10526 | Elf:3    | Noticed a deep elf master archer
 10530 | Elf:3    | Killed a deep elf master archer
 10545 | Elf:3    | Reached skill level 18 in Axes
 10632 | Elf:3    | Reached XP level 17. HP: 128/128 MP: 24/31
 10671 | Elf:3    | Cast into level 3 of the Abyss (a deep elf sorcerer)
 10706 | Abyss:3  | Got an abyssal rune of Zot
 10772 | Abyss:3  | Reached skill level 19 in Axes
 10790 | Elf:3    | Escaped the Abyss
 10820 | Elf:3    | Noticed a deep elf blademaster
 10827 | Elf:3    | Killed a deep elf blademaster
 10831 | Elf:3    | Noticed a deep elf master archer
 10836 | Elf:3    | Noticed a deep elf blademaster
 10841 | Elf:3    | Killed a deep elf master archer
 10845 | Elf:3    | Killed a deep elf blademaster
 10854 | Elf:3    | Reached skill level 20 in Axes
 10981 | Elf:3    | Got a vibrating glass ring
 10993 | Elf:3    | Noticed an Executioner
 11016 | Elf:3    | Reached XP level 18. HP: 134/134 MP: 32/32
 11023 | Elf:3    | Noticed a deep elf master archer
 11039 | Elf:3    | Killed a deep elf master archer
 11148 | Elf:3    | Identified the Incunabulum of Feathers and Translocation
 11160 | Elf:3    | Got a bloodstained crystal plate armour
 11188 | Elf:3    | Found the +9 staff of Olgreb {rPois}
 11197 | Elf:3    | Noticed a deep elf master archer
 11200 | Elf:3    | Found the +3 giant club "Skullcrusher" {speed, Str+7}
 11201 | Elf:3    | Killed a deep elf master archer
 11201 | Elf:3    | Reached skill level 21 in Axes
 11241 | Elf:3    | Got a slimy hand axe
 11308 | Elf:3    | Got a twisted fustibalus
 11497 | Elf:2    | Identified the cursed +0 crystal plate armour "Betuosy" {rF- Int+8} (You found it on level 3 of the Elven Halls)
 11531 | Elf:2    | Identified the ring of Vyutun {+Inv rElec rPois rN+ Dex+4} (You took it off a deep elf annihilator on level 3 of the Elven Halls)
 11548 | Elf:2    | Found a runed gate.
 11548 | Elf:2    | Found a runed gate.
 11548 | Elf:2    | Found a runed gate.
 11910 | Elf:1    | Learned a level 2 spell: Sublimation of Blood
 12059 | Orc:2    | Bought a scroll of acquirement for 832 gold pieces
 12150 | Lair:1   | Entered Level 1 of the Lair of Beasts
 12501 | Lair:2   | Found a shimmering altar of Xom.
 12560 | Lair:3   | Reached skill level 22 in Axes
 12738 | Lair:3   | Found a staircase to the Snake Pit.
 12774 | Snake:1  | Entered Level 1 of the Snake Pit
 12882 | Snake:1  | Found a sacrificial altar of Ru.
 13206 | Snake:2  | Reached XP level 19. HP: 109/140 MP: 33/33
 13218 | Snake:2  | Noticed Nikola
 13226 | Snake:2  | Killed Nikola
 13309 | Snake:2  | Noticed Vashnia
 13312 | Snake:2  | You fall through a shaft!
 13399 | Snake:3  | Noticed RoseArtemis's ghost (adept MiFi)
 13408 | Snake:3  | Killed RoseArtemis's ghost
 13520 | Snake:3  | Reached skill level 23 in Axes
 13786 | Snake:2  | Killed Vashnia
 13861 | Snake:2  | You fall through a shaft!
 13927 | Snake:4  | Entered Level 4 of the Snake Pit
 14002 | Snake:4  | Identified the +10 hand axe "Cyxid" {chop, rF+ Int+4} (You found it on level 3 of the Elven Halls)
 14030 | Snake:4  | Identified the +8 fustibalus of Wyrd {velocity, MP+9} (You found it on level 3 of the Elven Halls)
 14217 | Snake:3  | Reached skill level 24 in Axes
 14225 | Snake:3  | Reached XP level 20. HP: 147/147 MP: 32/34
 14469 | Snake:4  | Got a serpentine rune of Zot
 14886 | Lair:4   | Found a labyrinth entrance.
 14910 | Lab      | Entered a labyrinth
 15103 | Lab      | Got a crude lapis lazuli ring
 15105 | Lab      | Identified the ring of Bodily Harmony {+Fly rElec Dex+6 Slay+3} (You took it off a minotaur in a labyrinth)
 15111 | Lab      | Identified the ring "Heokyf" {Ice Str+8 Int-4 Slay-5 Stlth+} (You found it in a labyrinth)
 15170 | Lair:4   | Found a staircase to the Shoals.
 15180 | Shoals:1 | Entered Level 1 of the Shoals
 15602 | Shoals:2 | Reached skill level 25 in Axes
 16177 | Shoals:4 | Entered Level 4 of the Shoals
 16179 | Shoals:4 | Noticed Ilsuiw
 16188 | Shoals:4 | Killed Ilsuiw
 16198 | Shoals:4 | Reached XP level 21. HP: 90/153 MP: 35/35
 16280 | Shoals:4 | Identified the Incunabulum of Lethal Intoxication
 16284 | Shoals:4 | Learned a level 1 spell: Apportation
 16288 | Shoals:4 | Learned a level 3 spell: Regeneration
 16475 | Shoals:4 | Got a barnacled rune of Zot
 16502 | Shoals:4 | Reached skill level 26 in Axes
 16840 | Lair:4   | Got a bloodstained battleaxe
 16841 | Lair:4   | Identified the +11 battleaxe of the Bear {freeze, Int+4} (You acquired it on level 4 of the Lair of Beasts)
 17007 | Lair:6   | Entered Level 6 of the Lair of Beasts
 17066 | Lair:6   | Noticed Josephine
 17072 | Lair:6   | Killed Josephine
 17120 | Lair:6   | Noticed Rupert
 17126 | Lair:6   | Killed Rupert
 17127 | Lair:6   | Reached skill level 10 in Invocations
 17432 | Lair:6   | Found a staircase to the Slime Pits.
 17546 | Lair:6   | Learned a level 4 spell: Summon Lightning Spire
 17552 | Lair:6   | Learned a level 5 spell: Borgnjor's Vile Clutch
 17704 | Slime:1  | Entered Level 1 of the Pits of Slime
 18031 | Slime:4  | Reached skill level 1 in Charms
 18031 | Slime:4  | Reached skill level 1 in Necromancy
 18044 | Slime:5  | Entered Level 5 of the Pits of Slime
 18070 | Slime:5  | Reached XP level 22. HP: 161/161 MP: 36/36
 18232 | Slime:5  | Noticed the Royal Jelly
 18721 | Slime:4  | Lost mutation: Your mind is acute. (Int +2) [a shining eye]
 18765 | Slime:5  | Lost mutation: Your spells are a little harder to cast, but a little more powerful. [a shining eye]
 18766 | Slime:5  | Gained mutation: Scrolls take you a little longer to read. [a shining eye]
 19254 | Slime:5  | Found a viscous altar of Jiyva.
 19259 | Slime:5  | Found the +6 Majin-Bo {vamp, Archmagi MP+6 Int+6}
 19329 | Slime:5  | Killed the Royal Jelly
 19381 | Slime:5  | Identified the +5 large shield "Arocab" {rPois rCorr} (You found it on level 5 of the Pits of Slime)
 19396 | Slime:5  | Got a brightly glowing glaive
 19413 | Slime:5  | Got a slimy rune of Zot
 19714 | D:9      | You fall through a shaft for 2 floors!
 19740 | D:11     | You fall through a shaft for 2 floors!
 19821 | Vaults:1 | Entered Level 1 of the Vaults
 19837 | Vaults:1 | Identified the cursed +1 glaive of the Eternal Void {drain, Int+2} (You found it on level 5 of the Pits of Slime)
 19906 | Vaults:1 | You fall through a shaft!
 19923 | Vaults:2 | Reached XP level 23. HP: 171/171 MP: 38/38
 20009 | Vaults:3 | You fall through a shaft!
 20180 | Vaults:5 | Entered Level 5 of the Vaults
 20184 | Vaults:5 | Noticed Mennas
 20284 | Vaults:4 | Reached skill level 5 in Shields
 20606 | Vaults:3 | Found Naanto's Book Emporium.
 20728 | Vaults:2 | Reached skill level 10 in Shields
 20738 | Vaults:2 | Noticed Jorgrun
 20740 | Vaults:2 | Reached XP level 24. HP: 182/182 MP: 39/39
 20745 | Vaults:2 | Killed Jorgrun
 20862 | Vaults:2 | Found a staircase to the Crypt.
 20952 | Vaults:2 | You fall through a shaft for 2 floors!
 21161 | Vaults:5 | Noticed a golden dragon
 21179 | Vaults:4 | Killed a golden dragon
 21179 | Vaults:4 | Reached skill level 15 in Shields
 21186 | Vaults:5 | Noticed a golden dragon
 21230 | Vaults:4 | Killed a golden dragon
 21277 | Vaults:4 | Reached XP level 25. HP: 193/193 MP: 32/39
 21277 | Vaults:4 | Reached skill level 15 in Fighting
 21349 | Vaults:4 | Killed Mennas
 21434 | Vaults:5 | Got a slimy platinum ring
 21438 | Vaults:5 | Identified the ring "Leok" {*Contam rPois AC+3 Stlth+} (You found it on level 5 of the Vaults)
 21463 | Vaults:5 | Found the brooch of Shielding {Reflect SH+8}
 21474 | Vaults:5 | Identified Sif Muna's Handbook of Enchanting Cold
 21477 | Vaults:5 | Identified Sif Muna's Handbook of the Escort
 21496 | Vaults:5 | Got a brightly glowing marble ring
 21499 | Vaults:5 | Got a scintillating turquoise ring
 21519 | Vaults:5 | Got a translucent lapis lazuli ring
 21620 | Vaults:5 | Noticed Mara
 21621 | Vaults:5 | Noticed 4thArraOfDagon's illusion
 21627 | Vaults:5 | Killed Mara
 21655 | Vaults:5 | Found Erhop's Antique Weapon Shoppe.
 21743 | Vaults:5 | Got a bloodstained robe
 21851 | Vaults:5 | Got a silver rune of Zot
 21895 | Vaults:5 | Identified the Volume of the Quantum Birds
 21915 | Vaults:5 | Identified the Incunabulum of Shifting Companions
 22118 | Crypt:1  | Entered Level 1 of the Crypt
 22160 | Crypt:1  | Identified the ring of Oduor {rC+ Int+6 Stlth+} (You found it on level 5 of the Vaults)
 22162 | Crypt:1  | Identified the ring of the Thoughtful Suns {rN+ Int+7 Dex+2} (You found it on level 5 of the Vaults)
 22164 | Crypt:1  | Identified the ring of Disaster {*Tele Int+3} (You found it on level 5 of the Vaults)
 22360 | Crypt:2  | Identified the +0 robe "Goijosm" {rF+ rCorr} (You found it on level 5 of the Vaults)
 22510 | Crypt:3  | Entered Level 3 of the Crypt
 22510 | Crypt:3  | Found a staircase to the Tomb.
 22675 | Crypt:3  | Noticed Boris
 22683 | Crypt:3  | Reached XP level 26. HP: 186/215 MP: 39/39
 22686 | Crypt:3  | Killed Boris
 22857 | Crypt:3  | Noticed Sojobo
 22869 | Crypt:3  | Killed Sojobo
 22950 | Crypt:3  | Found a basalt altar of Yredelemnul.
 23345 | Crypt:3  | Found a basalt altar of Yredelemnul.
 23479 | Crypt:3  | Found an ancient bone altar of Kikubaaqudgha.
 23484 | Crypt:3  | Identified Coishen's Almanac of Evil
 23486 | Crypt:3  | Identified the Almanac of Evil
 23552 | Tomb:1   | Entered Level 1 of the Tomb of the Ancients
 23594 | Tomb:1   | Noticed Khufu
 23596 | Tomb:1   | Noticed a greater mummy
 23603 | Tomb:1   | Killed Khufu
 23610 | Tomb:1   | Killed a greater mummy
 23723 | Tomb:1   | Reached XP level 27. HP: 231/231 MP: 36/39
 23799 | Tomb:1   | Identified the cursed +0 pair of gloves "Ubiqoock" {rElec} (You found it on level 1 of the Tomb of the Ancients)
 23912 | Tomb:1   | Noticed a greater mummy
 23915 | Tomb:1   | Noticed a greater mummy
 23921 | Tomb:1   | Killed a greater mummy
 23922 | Tomb:1   | Noticed a greater mummy
 23927 | Tomb:1   | Killed a greater mummy
 23934 | Tomb:1   | Killed a greater mummy
 24061 | Tomb:1   | Noticed a greater mummy
 24063 | Tomb:1   | Noticed a greater mummy
 24071 | Tomb:1   | Killed a greater mummy
 24073 | Tomb:1   | Noticed a greater mummy
 24077 | Tomb:1   | Killed a greater mummy
 24084 | Tomb:1   | Killed a greater mummy
 24158 | Tomb:1   | Noticed a greater mummy
 24171 | Tomb:1   | Killed a greater mummy
 24178 | Tomb:1   | Noticed a greater mummy
 24189 | Tomb:1   | Killed a greater mummy
 24202 | Tomb:1   | Noticed a greater mummy
 24212 | Tomb:1   | Killed a greater mummy
 24306 | Tomb:1   | Noticed a greater mummy
 24318 | Tomb:1   | Killed a greater mummy
 24350 | Tomb:1   | Noticed a greater mummy
 24360 | Tomb:1   | Killed a greater mummy
 24367 | Tomb:1   | Noticed a greater mummy
 24376 | Tomb:1   | Killed a greater mummy
 24390 | Tomb:1   | Noticed a greater mummy
 24400 | Tomb:1   | Noticed a greater mummy
 24404 | Tomb:1   | Noticed a greater mummy
 24417 | Tomb:1   | Killed a greater mummy
 24423 | Tomb:1   | Killed a greater mummy
 24423 | Tomb:1   | Killed a greater mummy
 24459 | Tomb:1   | Noticed a greater mummy
 24467 | Tomb:1   | Killed a greater mummy
 24467 | Tomb:1   | Reached skill level 15 in Dodging
 24485 | Tomb:1   | Noticed a greater mummy
 24512 | Tomb:1   | Killed a greater mummy
 24549 | Tomb:1   | Noticed a greater mummy
 24553 | Tomb:1   | Noticed a greater mummy
 24557 | Tomb:1   | Killed a greater mummy
 24565 | Tomb:1   | Killed a greater mummy
 24572 | Tomb:1   | Noticed a greater mummy
 24579 | Tomb:1   | Killed a greater mummy
 24641 | Tomb:1   | Noticed a greater mummy
 24648 | Tomb:1   | Killed a greater mummy
 24660 | Tomb:1   | Noticed a greater mummy
 24661 | Tomb:1   | Noticed a greater mummy
 24663 | Tomb:1   | Killed a greater mummy
 24667 | Tomb:1   | Noticed a greater mummy
 24678 | Tomb:1   | Killed a greater mummy
 24683 | Tomb:1   | Killed a greater mummy
 24842 | Tomb:2   | Noticed a greater mummy
 24845 | Tomb:2   | Killed a greater mummy
 24873 | Tomb:2   | Noticed a greater mummy
 24876 | Tomb:2   | Killed a greater mummy
 24888 | Tomb:2   | Noticed an ancient lich
 24891 | Tomb:2   | Killed an ancient lich
 24983 | Tomb:2   | Noticed a greater mummy
 24995 | Tomb:2   | Killed a greater mummy
 25130 | Tomb:3   | Entered Level 3 of the Tomb of the Ancients
 25153 | Tomb:3   | Noticed a greater mummy
 25158 | Tomb:3   | Noticed a greater mummy
 25159 | Tomb:3   | Noticed a greater mummy
 25165 | Tomb:3   | Killed a greater mummy
 25182 | Tomb:2   | Killed a greater mummy
 25248 | Tomb:3   | Noticed a greater mummy
 25248 | Tomb:3   | Noticed a greater mummy
 25249 | Tomb:3   | Noticed a greater mummy
 25249 | Tomb:3   | Noticed a greater mummy
 25252 | Tomb:3   | p0werm0de: wew
 25255 | Tomb:3   | p0werm0de: ACTION
 25280 | Tomb:2   | Killed a greater mummy
 25304 | Tomb:2   | p0werm0de: :P
 25322 | Tomb:2   | 4thArraOfDagon: :)
 25390 | Tomb:3   | Killed a greater mummy
 25396 | Tomb:3   | Noticed a greater mummy
 25400 | Tomb:3   | Noticed a greater mummy
 25404 | Tomb:3   | Killed a greater mummy
 25411 | Tomb:3   | Killed a greater mummy
 25413 | Tomb:3   | Killed a greater mummy
 25430 | Tomb:3   | HP: 5/305 [guardian mummy's death curse (20)]
 25430 | Tomb:3   | Killed from afar by a greater mummy

Vault maps used:
D:1:      lemuel_arrival_lava_pool, chequers_big_river
D:2:      lemuel_coloured_pillars_altar, chequers_ecumenical_altar_simple,
          uniq_terence, uniq_natasha, uniq_crazy_yiuf_cottage
D:3:      grunt_qazlal_sundering, uniq_robin
D:4:      corexii_shack_village
D:5:      minmay_temple_entry_crystal_x, first_ration, hangedman_decor_growths,
          minmay_misc_feat_cross, uniq_ijyb
D:8:      dpeg_lair_monsters
D:9:      hangedman_decor_riveting, david_nohive_1
D:10:     nicolae_blasting_shop, uniq_erolcha
D:11:     jmf_multi_god_temple2, uniq_nergalle, uniq_grum
D:12:     minmay_the_grid_triangle_9x9_rhombus_thin,
          minmay_orc_entry_guard_dogs, uniq_maurice, uniq_harold
D:13:     david_vaults_1
D:14:     serial_bayou_pond_d, uniq_kirke
D:15:     hangedman_depths_entry_try_elsewhere_first, serial_shops,
          nicolae_shop_waterfront, minivault_24, uniq_azrael
Temple:   minmay_crystal_snake_temple
Lair:1:   grunt_megastairs_3
Lair:2:   wad_woods_tower, basic_altar, beast_lair_carwin_2,
          infiniplex_staircase_pool_2, minmay_lair_oklob_chamber
Lair:3:   minmay_snake_entry_guardpost_medium, roderic_carrion_pond,
          lemuel_fruit_fields
Lair:4:   elwin_shoals_entry_rooms, lab_entry_generic, lemuel_old_faithful
Lair:5:   infiniplex_staircase_pool
Lair:6:   gammafunk_lair_ancient_temple, minmay_slime_entry_oklob_open,
          uniq_josephine, uniq_rupert
Shoals:3: nicolae_shoals_wave_tunnel
Shoals:4: shoals_end_hangedman, shoals_ilsuiw_ice
Snake:1:  basic_altar, grunt_ministairs_9, nicolae_snake_single_loop
Snake:2:  spider_trap, grunt_ministairs_9, st_stairs_6, serial_bayou_shore_b,
          uniq_nikola, uniq_vashnia
Snake:3:  grunt_ministairs_7
Snake:4:  minmay_snake_end_coiled, spider_trap
Slime:1:  cheibrodos_slime_lost_civilization_9
Orc:1:    serial_shops, nicolae_shop_waterfront, basic_altar
Orc:2:    grunt_orc_community_town_hall, grunt_orc_community_big_house_2,
          grunt_orc_community_big_house_2, grunt_orc_community_house_3,
          grunt_orc_community_house_3, grunt_orc_community_house_3,
          grunt_orc_community_house_1, grunt_orc_community_house_2,
          grunt_orc_community_house_1, serial_shops, nicolae_shop_statue_plus,
          nicolae_shop_trees, nicolae_shop_trees, shop, shop
Elf:1:    serial_shops, shop, portal_ice_cave_entry_pillars_1,
          hangedman_elven_crosses_minicolossus, minmay_misc_feat_columns
Elf:2:    serial_shops, shop, kilobyte_rumbling_trees
Elf:3:    nooodl_elf_gasket, serial_shops, shop
Vaults:1: ontoclasm_vaults_tryst, nicolae_vaults_little_squares_1, v_misc_17,
          hangedman_vaults_trim, vaults_standard_mumra_enter_the_diamond,
          hangedman_vaults_stitches, grunt_vaults_focal,
          nicolae_vaults_little_ls, ontoclasm_vaults_fault, vaults_room_hallway,
          serial_shops, shop
Vaults:2: v_misc_10, v_misc_19, vaults_room_pool, v_alt_pattern_5,
          v_alt_pattern_1, minmay_crypt_entry_simple_sparse,
          hangedman_vaults_stream, ontoclasm_vaults_twist, v_misc_9,
          hangedman_vaults_locks, v_rooms_5, hangedman_vaults_impose,
          ontoclasm_vaults_ring_large, serial_shops, shop, uniq_jory,
          uniq_jorgrun
Vaults:3: vaults_room_glass_cross, v_misc_25, vaults_dpeg_spiral,
          hangedman_vaults_nails, dpeg_vaults_monster_box,
          ontoclasm_vaults_claustrophobia, ontoclasm_vaults_ring_square,
          hangedman_vaults_corner_blocks, vaults_dpeg_hooks, vaults_dpeg_ring,
          hangedman_vaults_snaps, nicolae_vaults_gold_heap, serial_shops, shop
Vaults:4: nicolae_vaults_border_crossing, v_alt_pattern_6, v_alt_pattern_4,
          v_misc_5, nicolae_vaults_angled_halls, hangedman_vaults_slice,
          nicolae_vaults_disjoint_gnomons, vaults_room_stairs_pillars,
          ontoclasm_vaults_spin, vaults_room_hangedman_quadrants,
          ontoclasm_vaults_pinch, vaults_room_ringed_pool, serial_shops,
          shop_statue
Vaults:5: uniq_mara, uniq_mennas
Crypt:1:  uniq_aizul, uniq_frederick
Crypt:2:  lemuel_elevator
Crypt:3:  church_of_pain_bobbens, hangedman_crypt_dual_shrines, uniq_boris,
          uniq_sojobo
Tomb:1:   uniq_khufu
Abyss:3:  grunt_abyss_rune_wretched_hive
Lab:      labyrinth_spiral
IceCv:    ice_cave_statue_garden_chambered

Skill      XL: |  1  2  3  4  5  6  7  8  9 10 11 12 13 14 15 16 17 18 19 20 21 22 23 24 25 26 27 |
---------------+----------------------------------------------------------------------------------+-----
Axes           | 3 4 5 6 7 9 10 12 13 14 16 18 20 22 24 25 26 | 26.0
Dodging        | 2 3 4 5 6 7 8 9 10 11 12 19 | 19.2
Invocations    | 1 2 3 4 6 8 9 10 12 13 | 13.0
Shields        | 1 2 3 10 15 | 15.0
Fighting       | 3 5 6 8 10 12 13 14 19 22 23 | 23.0
Transmutations | 2 5 8 |  8.9
Spellcasting   | 3 4 6 8 10 11 12 | 12.1
Earth Magic    | 5 8 10 11 12 | 12.0
Charms         | 1 4 |  4.0
Necromancy     | 1 4 |  4.1
Throwing       | |  1.0
Armour         | |  1.1
Translocations | |  2.6

Action                   |  1- 3 |  4- 6 |  7- 9 | 10-12 | 13-15 | 16-18 | 19-21 | 22-24 | 25-27 || total
-------------------------+-------+-------+-------+-------+-------+-------+-------+-------+-------++-------
Melee: Hand axe          |    56 |   227 |   457 |   401 |   959 |   116 |       |       |       ||  2216
       Unarmed           |       |       |    10 |       |       |       |       |       |       ||    10
       Battleaxe         |       |       |       |       |       |   339 |   736 |   473 |   996 ||  2544
Throw: Tomahawk          |     4 |       |       |       |       |       |       |       |       ||     4
 Cast: Statue Form       |       |       |       |       |    38 |    39 |    64 |    36 |    55 ||   232
       Summon Lightning  |       |       |       |       |       |       |     4 |       |       ||     4
       Borgnjor's Vile C |       |       |       |       |       |       |     4 |       |       ||     4
       Lesser Beckoning  |       |       |       |       |       |       |       |     1 |     1 ||     2
       Regeneration      |       |       |       |       |       |       |       |    28 |    79 ||   107
       Lee's Rapid Decon |       |       |       |       |       |       |       |       |     7 ||     7
       Passage of Golubr |       |       |       |       |       |       |       |       |     2 ||     2
Invok: Slouch            |       |       |     3 |     1 |     3 |     7 |     2 |     1 |     5 ||    22
       Temporal Distorti |       |       |       |     2 |     1 |       |     5 |     5 |     7 ||    20
       Step From Time    |       |       |       |       |       |     2 |       |     1 |     2 ||     5
 Abil: Dig               |     4 |     6 |    44 |    38 |    45 |    17 |    32 |     3 |     1 ||   190
       Shaft Self        |     3 |       |       |       |       |       |     2 |     5 |       ||    10
       End Transformatio |       |       |       |       |    15 |    17 |     9 |    19 |    26 ||    86
Evoke: Wand              |     1 |    18 |    10 |       |     1 |     3 |     4 |       |       ||    37
       Sack of spiders   |       |       |       |     2 |       |       |       |     5 |       ||     7
       Box of beasts     |       |       |       |       |       |       |       |       |     1 ||     1
  Use: Potion            |     2 |     1 |     2 |     2 |       |     7 |       |     6 |     4 ||    24
       Scroll            |       |     3 |     4 |     6 |    11 |    10 |    16 |     7 |     5 ||    62
 Stab: Confused          |       |       |     1 |       |       |       |       |       |       ||     1
       Distracted        |       |       |       |     1 |     1 |     1 |       |       |     2 ||     5
       Sleeping          |       |       |       |       |     5 |       |     6 |     3 |       ||    14
       Invisible         |       |       |       |       |       |       |       |     2 |       ||     2
  Eat: Chunk             |     1 |     3 |    10 |     6 |    18 |     9 |    12 |     5 |     3 ||    67
       Ration            |       |       |       |     2 |     3 |     3 |     5 |     3 |     7 ||    23
Armor: Leather armour    |    15 |       |       |       |       |       |       |       |       ||    15
       Ring mail         |    11 |   106 |    26 |       |       |       |       |       |       ||   143
       Chain mail        |       |       |   109 |   115 |    46 |       |       |       |       ||   270
       Skin              |       |       |       |    16 |   214 |   165 |   395 |   226 |   241 ||  1257
       Troll leather arm |       |       |       |       |    25 |    13 |    20 |     8 |     6 ||    72
Dodge: Dodged            |    34 |   128 |   175 |   205 |   669 |   376 |   957 |   669 |   672 ||  3885
Block: Buckler           |       |    33 |   230 |   203 |   474 |   254 |   744 |   318 |       ||  2256
       Reflection        |       |       |     8 |    11 |    27 |    25 |   100 |    52 |    26 ||   249
       Other             |       |       |     1 |       |       |       |       |       |       ||     1
       Large shield      |       |       |       |       |       |       |       |   200 |  1811 ||  2011

Table legend:
 A = Spawn XP
 B = Non-spawn XP
 C = Spawn XP percentage of total XP
 D = Spawn monster count
 E = Non-spawn monster count
 F = Spawn count percentage of total count
 G = Total turns spent on level
                    A         B        C        D         E        F      G
               +---------+---------+-------+---------+---------+-------+---------
         Total |    4121 | 1361195 |   0.3 |       8 |    2050 |   0.4 | 25430
               +---------+---------+-------+---------+---------+-------+---------
           D:1 |       0 |     164 |   0.0 |       0 |      24 |   0.0 |   718
           D:2 |       0 |     223 |   0.0 |       0 |      26 |   0.0 |   468
           D:3 |       0 |     312 |   0.0 |       0 |      47 |   0.0 |   638
           D:4 |       0 |     487 |   0.0 |       0 |      46 |   0.0 |   574
           D:5 |       0 |     774 |   0.0 |       0 |      27 |   0.0 |   498
           D:6 |       0 |     321 |   0.0 |       0 |       8 |   0.0 |   381
           D:7 |       0 |     380 |   0.0 |       0 |      12 |   0.0 |   304
           D:8 |       0 |    4848 |   0.0 |       0 |      27 |   0.0 |   366
           D:9 |       0 |    2128 |   0.0 |       0 |      28 |   0.0 |   418
          D:10 |       0 |    5145 |   0.0 |       0 |      36 |   0.0 |   487
          D:11 |       0 |    3565 |   0.0 |       0 |      14 |   0.0 |   216
          D:12 |       0 |   14663 |   0.0 |       0 |      45 |   0.0 |  1093
          D:13 |       0 |   11031 |   0.0 |       0 |      41 |   0.0 |   621
          D:14 |       0 |    1779 |   0.0 |       0 |       9 |   0.0 |   251
          D:15 |       0 |    4048 |   0.0 |       0 |      11 |   0.0 |   165
        Lair:1 |       0 |    1445 |   0.0 |       0 |       7 |   0.0 |   186
        Lair:2 |       0 |    3979 |   0.0 |       0 |      18 |   0.0 |   288
        Lair:3 |       0 |    6740 |   0.0 |       0 |      27 |   0.0 |   355
        Lair:4 |       0 |    1406 |   0.0 |       0 |       8 |   0.0 |   245
        Lair:5 |       0 |    1714 |   0.0 |       0 |       3 |   0.0 |   176
        Lair:6 |       0 |   21775 |   0.0 |       0 |      58 |   0.0 |   675
      Shoals:1 |       0 |   13716 |   0.0 |       0 |      27 |   0.0 |   333
      Shoals:2 |       0 |   19523 |   0.0 |       0 |      36 |   0.0 |   313
      Shoals:3 |       0 |   11726 |   0.0 |       0 |      28 |   0.0 |   427
      Shoals:4 |       0 |   40764 |   0.0 |       0 |      68 |   0.0 |   549
       Snake:1 |       0 |    2873 |   0.0 |       0 |       6 |   0.0 |   438
       Snake:2 |       0 |   34515 |   0.0 |       0 |      54 |   0.0 |   413
       Snake:3 |       0 |   21236 |   0.0 |       0 |      30 |   0.0 |   460
       Snake:4 |       0 |   45277 |   0.0 |       0 |      77 |   0.0 |   621
       Slime:1 |       0 |    8413 |   0.0 |       0 |      16 |   0.0 |   180
       Slime:2 |       0 |   10133 |   0.0 |       0 |      20 |   0.0 |   253
       Slime:3 |       0 |    8131 |   0.0 |       0 |      18 |   0.0 |   434
       Slime:4 |       0 |   15471 |   0.0 |       0 |      23 |   0.0 |   421
       Slime:5 |       0 |   52157 |   0.0 |       0 |      36 |   0.0 |   562
         Orc:1 |       0 |    3415 |   0.0 |       0 |      26 |   0.0 |   391
         Orc:2 |       0 |   10897 |   0.0 |       0 |      91 |   0.0 |   921
         Elf:1 |       0 |   26026 |   0.0 |       0 |      43 |   0.0 |   762
         Elf:2 |       0 |   39164 |   0.0 |       0 |      56 |   0.0 |   916
         Elf:3 |       0 |  104514 |   0.0 |       0 |      86 |   0.0 |  1758
      Vaults:1 |       0 |   17108 |   0.0 |       0 |      19 |   0.0 |   109
      Vaults:2 |       0 |   46336 |   0.0 |       0 |      72 |   0.0 |   275
      Vaults:3 |       0 |   27383 |   0.0 |       0 |      65 |   0.0 |   462
      Vaults:4 |       0 |  148122 |   0.0 |       0 |     137 |   0.0 |   812
      Vaults:5 |       0 |   72019 |   0.0 |       0 |      59 |   0.0 |   639
       Crypt:1 |       0 |   15108 |   0.0 |       0 |      27 |   0.0 |   171
       Crypt:2 |       0 |   12616 |   0.0 |       0 |      24 |   0.0 |   247
       Crypt:3 |       0 |  116692 |   0.0 |       0 |     136 |   0.0 |  1016
        Tomb:1 |       0 |  213885 |   0.0 |       0 |      91 |   0.0 |  1160
        Tomb:2 |       0 |   55296 |   0.0 |       0 |      65 |   0.0 |   592
        Tomb:3 |       0 |   70709 |   0.0 |       0 |      64 |   0.0 |   126
       Abyss:3 |    4121 |    8462 |  32.8 |       8 |      19 |  29.6 |   119
           Lab |       0 |    1129 |   0.0 |       0 |       1 |   0.0 |   206
         IceCv |       0 |    1452 |   0.0 |       0 |       8 |   0.0 |    99
               +---------+---------+-------+---------+---------+-------+---------
